Cogmind - Beta 15 @@@ ROGUE MODE // 2025.07.09 @ 14:20:55 Player: PJ Result: Destroyed by Y-45 Defender with Beam Rifle Performance ------------- Evolutions (1) 500 Regions Visited (5) 1000 Robots Destroyed (74) 370 Value Destroyed (1721) 1721 Prototype IDs (1) 20 Alien Tech Used (0) 0 Bonus (0) 0 TOTAL SCORE: 3611 Bonus ------- None Cogmind --------- Core Integrity 0/400 Matter 256/300 Energy 251/265 System Corruption 0% Temperature Cool (9) Movement Walking (126) Location -9/Recycling Parts ------- > --- POWER (1) -------- Improved Ion Engine > --- PROPULSION (3) --- Aluminum Leg Aluminum Leg Makeshift Leg > --- UTILITY (3) ------ Heat Sink Medium Storage Unit Salvage Targeting Computer > --- WEAPON (2) ------- Beam Rifle Heavy Assault Rifle > --- INVENTORY (10) --- Ion Engine Wheel Medium Storage Unit Compact Battery (200) Improved Terrain Scanner Authchip [R/Combat] Beam Rifle Autogun Rocket Launcher Mini Grenade Launcher Peak State ------------ > --- POWER ------------ Light Nuclear Core > --- PROPULSION ------- Light Treads Carbon-fiber Leg Wheel > --- UTILITY ---------- Improved Heat Sink Small Storage Unit Melee Analysis Suite > --- WEAPON ----------- Medium Laser Beamcaster > --- INVENTORY -------- Light Nuclear Core Improved Terrain Scanner Seismic Detector EM Shotgun Light Assault Rifle [Rating: 22] Favorites ----------- Power Improved Ion Engine Engine Improved Ion Engine Power Core Light Nuclear Core Propulsion Aluminum Leg Treads Light Treads Leg Aluminum Leg Wheel Wheel Utility Medium Storage Unit Device Heat Sink Storage Medium Storage Unit Processor Melee Analysis Suite Weapon Beam Rifle Energy Gun Beam Rifle Energy Cannon Advanced Beam Cannon Ballistic Gun Heavy Assault Rifle Build | -11 -10 -10 -9 -9 -9 ------- Run | Yrd Mat Min Mat Sto Rec Slots Evolved 2 | . . . 2 . . Power . | . . . . . . Propulsion 1 | . . . 1 . . Utility 1 | . . . 1 . . Weapon . | . . . . . . Parts Attached 57 | 9 5 2 21 15 5 Power 9 | 2 1 . 4 1 1 Engine 7 | 2 1 . 2 1 1 Core 2 | . . . 2 . . Reactor . | . . . . . . Propulsion 20 | 2 1 2 6 8 1 Treads 5 | 1 1 1 2 . . Leg 12 | . . . 3 8 1 Wheel 3 | 1 . 1 1 . . Hover . | . . . . . . Flight . | . . . . . . Utility 12 | 3 . . 5 3 1 Device 8 | 2 . . 3 2 1 Storage 2 | 1 . . 1 . . Processor 2 | . . . 1 1 . Hackware . | . . . . . . Protection . | . . . . . . Artifact . | . . . . . . Weapon 16 | 2 3 . 6 3 2 Energy Gun 14 | 2 3 . 5 3 1 Energy Cannon 1 | . . . 1 . . Ballistic Gun 1 | . . . . . 1 Ballistic Cannon . | . . . . . . Launcher . | . . . . . . Special Weapon . | . . . . . . Impact Weapon . | . . . . . . Slashing Weapon . | . . . . . . Piercing Weapon . | . . . . . . Special Melee Weapon . | . . . . . . Unidentified Prototypes 1 | . . . 1 . . Parts Lost 15 | . 1 1 10 1 2 Power 4 | . 1 . 2 1 . Propulsion 4 | . . 1 3 . . Utility 3 | . . . 2 . 1 Weapon 4 | . . . 3 . 1 Highest Loss Streak 4 | . 1 1 4 1 2 To Critical Strikes . | . . . . . . Average Backups 8 | 2 7 4 7 9 9 Power 1 | . 1 1 . 1 2 Propulsion 1 | 1 2 . 1 1 1 Utility 3 | . 2 2 3 4 3 Weapon 2 | . 1 1 2 3 2 Tool/Special . | . . . . . . Unused Backups 12 | . . . 2 . 10 Power 3 | . . . 1 . 2 Propulsion 1 | . . . . . 1 Utility 4 | . . . . . 4 Weapon 4 | . . . 1 . 3 Tool/Special . | . . . . . . Average Slot Usage (%) 96 | . 97 97 93 99 98 Engine 9 | . 13 14 5 10 11 Core 1 | . . . 5 . . Treads 6 | . 14 14 10 . . Leg 19 | . . . 9 32 33 Wheel 5 | . 14 14 9 . . Device 10 | . 14 14 10 11 9 Storage 11 | . 14 14 11 11 11 Processor 8 | . . . 10 11 11 Energy Gun 15 | . 25 25 17 11 11 Energy Cannon 4 | . . . 4 11 1 Ballistic Gun 2 | . . . . . 9 Peak Build Rating 22 | 9 12 10 22 17 18 Average Rating 14 | 5 10 9 15 16 15 On Entrance 10 | . 9 10 9 16 16 Naked Turns . | . . . . . . Heaviest Build 26 | 13 15 14 25 26 26 Greatest Support 40 | 20 23 20 40 30 40 Greatest Overweight (x) 2 | 1 1 . 2 2 . Average Overweight (x) . | . . . . . . Largest Inventory Capacity 10 | 8 8 8 10 10 10 Average Capacity 9 | 7 8 8 9 10 10 Most Carried 10 | 6 8 8 10 10 10 Average Carried 8 | 3 7 4 7 9 9 Final Capacity 10 | 8 8 8 10 10 10 Final Carried 10 | 6 8 4 10 10 10 Class Distribution -------------------- 66% | Scavenger-Mutant 33% | Mutant Dominant Class ---------------- Mutant | -10/Materials Mutant | -10/Mines Scavenger-Mutant | -9/Materials Scavenger-Mutant | -9/Storage Scavenger-Mutant | -9/Recycling Resources | -11 -10 -10 -9 -9 -9 ----------- Run | Yrd Mat Min Mat Sto Rec Matter Collected 826 | 182 127 . 256 157 104 Remotely . | . . . . . . Salvage Created 2562 | 122 300 35 973 686 446 Parts 182 | 9 26 5 80 45 17 Haulers Intercepted . | . . . . . . Recyclers Shooed 3 | . . . . . 3 Parts Field Recycled . | . . . . . . Retrieved Matter . | . . . . . . Parts Self-Destructed . | . . . . . . Prevented . | . . . . . . Kills | -11 -10 -10 -9 -9 -9 ------- Run | Yrd Mat Min Mat Sto Rec Combat Hostiles Destroyed 51 | . 8 2 23 15 3 Guns 31 | . 8 2 15 4 2 Cannons 18 | . . . 7 11 . Classes Destroyed 8 | 2 3 . 2 1 . Worker 3 | . . . . 3 . Builder 5 | . 1 . 2 2 . Tunneler 6 | 2 2 . 2 . . Recycler 4 | 1 . . . . 3 Watcher 5 | . . . 4 1 . Swarmer 17 | . 4 2 8 3 . Grunt 22 | . 4 . 10 8 . Sentry 12 | . . . 5 4 3 Best Kill Streak 6 | 3 3 1 6 4 3 Combat Bots Only 5 | . 3 1 5 4 1 Max Kills in Single Turn 2 | 1 1 1 2 2 1 Gunslinging . | . . . . . . Exploded . | . . . . . . Melee . | . . . . . . Uniques/NPCs Destroyed . | . . . . . . Combat | -11 -10 -10 -9 -9 -9 -------- Run | Yrd Mat Min Mat Sto Rec Hostile Shots Fired 363 | . 59 27 172 68 37 Missed 112 | . 18 7 57 16 14 Hits 251 | . 41 20 115 52 23 Projectile 251 | . 41 20 115 52 23 Critical Strikes 4 | . . . 2 . 2 Damage Taken 2724 | . 441 153 1242 557 331 Core 503 | . 80 13 256 126 28 Absorbed by Shields . | . . . . . . Core Remaining (%) 81 | 100 . 62 . . . Volleys Fired 198 | 9 35 16 55 52 31 Largest 2 | 2 2 2 2 2 2 Hottest 125 | 80 90 90 125 124 79 Shots Fired 364 | 18 56 19 105 104 62 Gun 282 | 18 56 19 75 52 62 Cannon 82 | . . . 30 52 . Launcher . | . . . . . . Special . | . . . . . . Kinetic 31 | . . . . . 31 Thermal 319 | 18 52 19 95 104 31 Explosive . | . . . . . . Electromagnetic 14 | . 4 . 10 . . Robot Hit Streak 18 | 5 11 3 18 8 5 Robot Miss Streak 5 | 3 3 5 3 5 5 Penetration Max . | . . . . . . Secondary Targets 1 | . . . 1 . . Max Gunslinging Chain 1 | . . . 1 . . Shots Hit Robots 216 | 10 35 7 77 53 34 Core Hits 98 | 4 16 2 41 25 10 Critical Kills 1 | . . . . . 1 Critical Parts Destroyed . | . . . . . . Critical Strikes 11 | . 1 . 4 3 3 Burn 10 | . 1 . 4 3 2 Destroy 1 | . . . . . 1 Melee Attacks . | . . . . . . Impact . | . . . . . . Slashing . | . . . . . . Piercing . | . . . . . . Sneak Attacks . | . . . . . . Combat Hostiles . | . . . . . . Follow-up Attacks . | . . . . . . Damage Inflicted 3487 | 108 454 82 1345 1006 492 Guns 2373 | 108 423 82 892 376 492 Cannons 1083 | . . . 453 630 . Explosions 31 | . 31 . . . . Melee . | . . . . . . Ramming . | . . . . . . Kinetic 247 | . . . . . 247 Thermal 3082 | 108 387 82 1254 1006 245 Explosive . | . . . . . . Electromagnetic 158 | . 67 . 91 . . Impact . | . . . . . . Slashing . | . . . . . . Piercing . | . . . . . . Highest Corruption 2 | . 2 2 . . . Average Corruption 2 | . 2 2 . . . Corruption Purged . | . . . . . . Corruption Blocked . | . . . . . . Effects 12 | . 8 4 . . . Message Errors 4 | . 4 . . . . Matter Fused 3 | . 2 1 . . . Heat Flow Errors 1 | . 1 . . . . Energy Discharges 1 | . . 1 . . . Data Loss (minor) 1 | . . 1 . . . Data Loss (major) 1 | . . 1 . . . Weapon Failures 1 | . 1 . . . . Overload Shots . | . . . . . . Overflow Damage 19 | . . . 19 . . Projectiles 19 | . . . 19 . . Explosions . | . . . . . . Melee . | . . . . . . Knockbacks . | . . . . . . Impact . | . . . . . . Kinetic . | . . . . . . Secondary . | . . . . . . Self-Inflicted Damage . | . . . . . . Shots . | . . . . . . Rammed . | . . . . . . Targets Rammed . | . . . . . . Kicked . | . . . . . . Crushed . | . . . . . . Highest Temperature 392 | 162 392 90 264 288 120 Average Temperature 85 | 81 140 46 63 85 55 Received Heat Transfer 912 | . 174 . 408 186 144 Effects 3 | . 3 . . . . Interference 2 | . 2 . . . . Damage (minor) 1 | . 1 . . . . Siege Activations . | . . . . . . Martial Activations . | . . . . . . Shielding Activations . | . . . . . . Robots Disrupted . | . . . . . . Combat Hostiles . | . . . . . . Robots Corrupted . | . . . . . . Combat Hostiles . | . . . . . . Parts Fried 1 | . 1 . . . . Impact Corruptions . | . . . . . . Robots Melted 2 | . . . 1 . 1 Combat Hostiles 2 | . . . 1 . 1 Parts Melted 13 | . 1 . 4 5 3 Heat Transferred 7647 | 250 1031 187 3071 2331 777 Parts Sabotaged . | . . . . . . Parts Stolen . | . . . . . . Parts Stripped . | . . . . . . Power Chain Reactions 1 | . 1 . . . . Alert | -11 -10 -10 -9 -9 -9 ------- Run | Yrd Mat Min Mat Sto Rec Maximum Alert Level . | . . . . . . Low Security (%) 100 | 100 100 100 100 100 100 Level 1 . | . . . . . . Level 2 . | . . . . . . Level 3 . | . . . . . . Level 4 . | . . . . . . Level 5 . | . . . . . . High Security . | . . . . . . Max Security . | . . . . . . Peak Influence 195 | 15 96 64 134 195 26 Initial 34 | . . 34 . 14 . Average 40 | 2 23 28 56 79 2 Influence Increases 1523 | 15 261 50 623 470 104 Destroy 0b10 Robot/C 1020 | . 160 40 460 300 60 Destroy 0b10 Robot/NC 120 | 15 15 . 40 30 20 Destroy Leader 240 | . 40 10 118 72 . Allied During Kill 2 | . . . 2 . . Successful Hack 14 | . . . . 7 7 Disable Machine 75 | . 15 . . 60 . Destroy Structure 7 | . 1 . 3 1 2 Lose Combat Pursuer 45 | . 30 . . . 15 Influence Decreases 1523 | 15 173 138 588 504 105 Entered New Map 76 | . . 54 . 21 1 Time Decay 1067 | 15 163 74 388 323 104 Lost Part 100 | . 10 10 70 10 . Lost Ally 19 | . . . 19 . . Purge Threat 261 | . . . 111 150 . Squads Dispatched 6 | . 2 . 2 2 . Investigation 1 | . . . 1 . . Extermination . | . . . . . . Reinforcement 5 | . 2 . 1 2 . Assault . | . . . . . . Garrison . | . . . . . . Intercept . | . . . . . . Searches Triggered . | . . . . . . Construction Impeded . | . . . . . . Haulers Reinforced . | . . . . . . Active Scanning Responses . | . . . . . . Cargo Convoy Interrupts . | . . . . . . Stealth | -11 -10 -10 -9 -9 -9 --------- Run | Yrd Mat Min Mat Sto Rec Distress Signals 8 | . 2 . 4 2 . Communications Jammed . | . . . . . . Distress Signals . | . . . . . . Times Spotted 75 | . 14 3 31 23 4 Peak Tracking Total 7 | . 5 3 7 7 2 Tactical Retreats 3 | . 2 . . . 1 Traps | -11 -10 -10 -9 -9 -9 ------- Run | Yrd Mat Min Mat Sto Rec Traps Triggered 4 | . 2 . 2 . . Indirectly . | . . . . . . Trap Hack Attempts . | . . . . . . Triggered . | . . . . . . Disarmed . | . . . . . . Reprogrammed . | . . . . . . Reused . | . . . . . . Traps Extracted . | . . . . . . Installed . | . . . . . . Triggered . | . . . . . . Machines | -11 -10 -10 -9 -9 -9 ---------- Run | Yrd Mat Min Mat Sto Rec Machines Disabled 5 | . 1 . . 4 . Max in Single Turn 1 | . 1 . . 1 . Machines Repaired . | . . . . . . Machines Dismantled . | . . . . . . Machines Sabotaged . | . . . . . . Overloaded Fab Kills . | . . . . . . Hacking | -11 -10 -10 -9 -9 -9 --------- Run | Yrd Mat Min Mat Sto Rec Machines Accessed 19 | . 3 . 3 4 9 Terminals 11 | . 3 . 2 4 2 Fabricators . | . . . . . . Repair Stations . | . . . . . . Recycling Units 8 | . . . 1 . 7 Scanalyzers . | . . . . . . Garrison Access . | . . . . . . Total Hacks 41 | . 8 . 4 12 17 Successful 16 | . . . 2 5 9 Failed 25 | . 8 . 2 7 8 Catastrophic 4 | . 1 . 1 1 1 Database Lockouts . | . . . . . . Manual 32 | . 5 . 3 22 2 Terminals 28 | . 8 . 3 12 5 Fabricators . | . . . . . . Repair Stations . | . . . . . . Recycling Units 13 | . . . 1 . 12 Scanalyzers . | . . . . . . Garrison Access . | . . . . . . Terminal Hacks 9 | . . . 1 5 3 Record 1 | . . . . . 1 Alert Level 1 | . . . . 1 . Unreport Threat 3 | . . . 1 1 1 Locate Traps 2 | . . . . 2 . Assault Status 1 | . . . . 1 . Registered Components 1 | . . . . . 1 Fabricator Hacks . | . . . . . . Repair Station Hacks . | . . . . . . Recycling Unit Hacks 7 | . . . 1 . 6 Retrieve Components 7 | . . . 1 . 6 Scanalyzer . | . . . . . . Garrison Access Hacks . | . . . . . . Unauthorized Hacks . | . . . . . . Terminals . | . . . . . . Fabricators . | . . . . . . Repair Stations . | . . . . . . Recycling Units . | . . . . . . Scanalyzers . | . . . . . . Garrison Access . | . . . . . . Data Cores Recovered . | . . . . . . Used . | . . . . . . Hacking Detections 14 | . 3 . 2 6 3 Full Trace Events 1 | . . . . 1 . Feedback Events . | . . . . . . Feedback Blocked . | . . . . . . Robot Schematics Acquired . | . . . . . . Robots Built . | . . . . . . Authchips . | . . . . . . Time . | . . . . . . Total Robot Build Rating . | . . . . . . Part Schematics Acquired . | . . . . . . Parts Built . | . . . . . . Authchips . | . . . . . . Time . | . . . . . . Total Part Build Rating . | . . . . . . Parts Repaired . | . . . . . . Time . | . . . . . . Parts Recycled . | . . . . . . Recycled Matter . | . . . . . . Retrieved Matter . | . . . . . . Retrieved Components 18 | . . . 3 . 15 Parts Scanalyzed . | . . . . . . Part Schematics Acquired . | . . . . . . Parts Damaged . | . . . . . . Bothacking | -11 -10 -10 -9 -9 -9 ------------ Run | Yrd Mat Min Mat Sto Rec Used RIF Installer . | . . . . . . Robots Hacked . | . . . . . . Non-combat . | . . . . . . Combat . | . . . . . . Robot Hacks Applied . | . . . . . . Relay Couplers Released . | . . . . . . Fabnet Peak Effective % . | . . . . . . Robots Rewired . | . . . . . . Allies Hacked . | . . . . . . Hacks Repelled . | . . . . . . Allies | -11 -10 -10 -9 -9 -9 -------- Run | Yrd Mat Min Mat Sto Rec Total Allies 2 | . . 2 . . . Largest Group 2 | . . 2 1 . . Highest-Rated Group 45 | . . 45 31 . . Highest-Rated Ally 31 | . . 31 31 . . Total Orders . | . . . . . . Ally Attacks 8 | . . . 8 . . Total Damage 86 | . . . 86 . . Kills . | . . . . . . Allies Corrupted . | . . . . . . Allies Melted . | . . . . . . Intel | -11 -10 -10 -9 -9 -9 ------- Run | Yrd Mat Min Mat Sto Rec Active Infowar (turns) 811 | 18 460 197 136 . . Terrain 806 | 13 460 197 136 . . Seismic 5 | 5 . . . . . Robot Analysis Total . | . . . . . . Derelict Logs Recovered . | . . . . . . Drone Launches . | . . . . . . Drone Recoveries . | . . . . . . Exploration | -11 -10 -10 -9 -9 -9 ------------- Run | Yrd Mat Min Mat Sto Rec Turns Passed 3664 | 107 460 197 1172 800 928 Spaces Moved 2161 | 67 284 99 559 479 673 Core 15 | 15 . . . . . Treads 560 | 3 125 99 333 . . Legs 1279 | . . . 136 470 673 Wheels 307 | 49 159 . 90 9 . Hover . | . . . . . . Flight . | . . . . . . Fastest Speed 50 | 50 95 160 110 110 120 Average Speed 134 | 91 123 160 167 119 121 Slowest Speed 260 | 160 160 160 260 120 126 Overloaded Moves . | . . . . . . Propulsion Burnouts . | . . . . . . Robots Hopped . | . . . . . . Potential Cave-ins . | . . . . . . Cave-ins Triggered . | . . . . . . Exploration Rate (%) 41 | 4 44 14 34 63 91 Regions Visited 5 Branch Regions 3 Pre-discovered Areas . | . . . . . . Known Exits Taken . | . . . . . . Unknown Exits Taken 5 | 1 1 1 1 1 . Scrap Searched . | . . . . . . Spaces Dug . | . . . . . . Terrain Destroyed 1 | . 1 . . . . Melee . | . . . . . . Projectile . | . . . . . . AOE 1 | . 1 . . . . Terrain Rammed . | . . . . . . Walls Destroyed . | . . . . . . Machines Disabled . | . . . . . . Actions | -11 -10 -10 -9 -9 -9 --------- Run | Yrd Mat Min Mat Sto Rec Total 2565 | 89 335 119 693 606 723 Wait 87 | . 10 . 28 42 7 Move 2156 | 66 283 98 558 478 673 Hop . | . . . . . . Pick Up 30 | 5 . . 19 4 2 Fast Attach 17 | 7 3 . 6 1 . Attach 14 | . . 2 8 2 2 Detach . | . . . . . . Swap 29 | 2 2 1 8 12 4 Drop 34 | . 2 2 11 15 4 Fire 198 | 9 35 16 55 52 31 Melee . | . . . . . . Ram . | . . . . . . Kick . | . . . . . . Crush . | . . . . . . Escape Stasis . | . . . . . . Rewire . | . . . . . . Trap . | . . . . . . Miscellaneous . | . . . . . . Route ------- -11/Scrapyard -10/Materials -10/Mines -9/Materials -9/Storage -9/Recycling (discovered 1 exit: [*Fac]) History --------- Turn | Location | Event 14 | -11/Scrapyard | Discovered new exit (range 15) 108 | -11/Scrapyard | Entered Materials 305 | -10/Materials | Build established: Mutant 552 | -10/Materials | Discovered new exit (range 9) 568 | -10/Materials | Entered Mines 622 | -10/Mines | Discovered new exit (range 15) 765 | -10/Mines | Entered Materials 765 | -9/Materials | Accompanied by 1 ally 765 | -9/Materials | Evolved 2 slots: Propulsion x1, Utility x1 770 | -9/Materials | Led the pair of lost Derelicts to an unsafe place 1217 | -9/Materials | Lost 4 parts (1n1u2w) 1441 | -9/Materials | Core integrity fell below 50% 1732 | -9/Materials | Discovered new exit (range 7) 1807 | -9/Materials | Build established: Scavenger-Mutant 1937 | -9/Materials | Entered Storage 2183 | -9/Storage | Core integrity fell below 20% 2734 | -9/Storage | Used back door to open Recycling access 2734 | -9/Storage | Discovered new exit (range 3) 2737 | -9/Storage | Entered Recycling 2738 | -9/Recycling | Met a Zionite searching for Scraptown 3050 | -9/Recycling | Discovered new exit (range 9) 3665 | -9/Recycling | Destroyed by Y-45 Defender with Beam Rifle Last Messages --------------- 03410_ Dropped Aluminum Leg. 03419_ Connecting with Recycling Unit... >>Retrieve(Components) Retrieving 4 components... Corrupted Authchip [R/Combat] Field Recycling Unit Terrain Scan Processor Imp. Targeting Computer 03423_ R-06 Scavenger collects Aluminum Leg. 03434_ Connecting with Recycling Unit... >>Retrieve(Components) Retrieving 2 components... Shotgun Arm. Wheel 03526_ Dropped Lgt. Ion Engine. 03527_ Acquired Corrupted Authchip [R/Combat]. 03528_ Dropped Imp. Ion Engine. 03573_ Y-45 Defender destroyed. 03599_ Dropped Heat Sink. 03599_ Acquired Unknown Launcher. Map ----- +----------------------------------------------------+ | ??????????????# #????##### | | ??????????????# #???###### | | ??????????????# ##### | | ??????????????# # + ! | | ????????????################ ### ! | | ????????????# ############ #?# | | ????????????# ### %! | | ????????????# ###### "##= | | ????????????## ##????# T## [ | | ?????#########+####??# "## | | ?????# #??# ### [ | | ?????# #### ""###### | | ?????# # Y"## | | ?????# # ### =""## | | ?????# # ### #### !%! | | ????## # ## #####=## | | ????# + ### ""#?##?? | | ????## # #?# T"#????? | | ?????# # #?# ""#??### | | ?????# #% #?# ###??# | | ?????# # #?# ###### | | ?????# # #?# + | | ?????#####+######## #?###!!!##### | | ?????????# #??##??# #???#!!!#???# | | ????????## ### #### #???#####???##+ | | ????????# @Y #????????????# | | ????????# #?????######## | | ????????# | | ????????# ###############+######### | | ????????# #??????????????????# | | ????????# #??????????????????#""[ | | ????????# #??????????????????#"Y ! | | ????????# #??????????????????#"" | | ????????# #??????????????????# | | ????????# #??????????????????# " " | | ????????#####??????????????????# """ | | ???????????????????????????????# """ | | ???????????????????????????????# | | ???????????????????????????????# | | ???????????????????????????????# | | ???????????????????????????????# | | ???????????????????????????????###### | | ????????????????????????????????????? | | ????????????????????????????????????? | | ????????????????????????????????????? | | ????????????????????????????????????? | | ????????????????????????????????????? | | | | | | | +----------------------------------------------------+ Best States ------------- Heat Dissipation 50 Energy Generation 14 Energy Capacity 265 Matter Stores 300 Matter Capacity 300 Sight Range 16 Terrain Scan Range 16 Terrain Scan Density 10 Evasion (%) 55 Melee Accuracy 5 Recoil Reduction 2 Salvage Targeting 1 Authchip Count 1 Item Schematics ----------------- None Robot Schematics ------------------ None Fabricated ------------ Nothing Repaired ---------- Nothing Alien Tech Used ----------------- None Achievements -------------- Tourist \\IAMDERELICT Challenges ------------ None Game ------ Seed LegProtonProtection Manual? 0 Play Time 00:40:32 Cumulative 6.3 hours Start 2025.07.09 @ 13:35:19 End 2025.07.09 @ 14:20:55 Sessions 1 Manual Loads 0 Difficulty Rogue Special Mode None Game No. 8 Rogue 8 Adventurer 0 Explorer 0 Win Type - Total 0 Types 0/0/0/0/0/0/0/0/0/0 Lore% 1 Gallery% 9 Achievement% 11 Wizard Run 0 Options --------- Layout 1 ASCII 0 Keyboard 0 Movement Arrows Keybinds 0 Fullscreen 1 Font 36/Smallcaps Map View 50x40 Zoom Use 0% Tactical HUD 1 Map Filters NONE Filters NONE Steam 1 RUN: fc9a0a6a-19d5-4710-9bb8-4fdb70cc7b3b